 Dungeon Crawl Stone Soup version 0.23.2-30-g0e89c35 (webtiles) character file.

Game seed: 2175798376007027998

92 robbits the Gusty (level 4, -2/25 HPs)
             Began as a Tengu Air Elementalist on June 10, 2019.
             Slain by Natasha (3 damage)
             ... on level 2 of the Dungeon.
             The game lasted 00:04:16 (1697 turns).

robbits the Gusty (Tengu Air Elementalist)          Turns: 1697, Time: 00:04:17

Health: -2/25      AC:  2    Str:  8    XL:     4   Next: 60%
Magic:  3/8        EV: 13    Int: 16    God:
Gold:   33         SH:  0    Dex: 17    Spells: 1/7 levels left

rFire    . . .     SeeInvis .   f - +4 short sword
rCold    + . .     Gourm    .   (no shield)
rNeg     . . .     Faith    .   a - +0 robe
rPois    .         Spirit   .   (helmet restricted)
rElec    +         Reflect  .   (no cloak)
rCorr    .         Harm     .   (no gloves)
MR       .....                  (boots unavailable)
Stlth    ++........             (no amulet)
HPRegen  0.08/turn              (no ring)
MPRegen  0.11/turn              (no ring)

@: slowed, very slow
A: beak, talons 3, agile 1, cold resistance 1, electricity resistance
a: no special abilities


You were on level 2 of the Dungeon.
You were not hungry.

You visited 1 branch of the dungeon, and saw 2 of its levels.

You collected 33 gold pieces.

Inventory:

Hand Weapons
 f - a +4 short sword (weapon)
Armour
 a - a +0 robe (worn)
Scrolls
 b - 2 scrolls of amnesia
 d - a scroll of enchant weapon {unknown}
 g - a scroll of identify
Potions
 h - a potion of brilliance {unknown}
Comestibles
 c - 4 rations


   Skills:
 + Level 1.2 Fighting
 - Level 2.1 Dodging
 - Level 2.0 Stealth
 + Level 2.4 Spellcasting
 * Level 3.5 Conjurations
 * Level 5.1 Air Magic


You had one spell level left.
You knew the following spells:

 Your Spells              Type           Power        Failure   Level  Hunger
a - Shock                 Conj/Air       ###.         3%          1    #......
b - Swiftness             Chrm/Air       ##......     11%         2    ###....
c - Static Discharge      Conj/Air       ###.....     10%         3    ###....

Your spell library contained the following spells:

 Spells                   Type           Power        Failure   Level  Hunger
 Airstrike                Air            ###.......   24%         4    #####..
 Lightning Bolt           Conj/Air       ###.......   67%         5    ######.


Dungeon Overview and Level Annotations

Branches:
Dungeon (2/15)

Altars:
Zin

Annotations:
D:2 Natasha


Innate Abilities, Weirdness & Mutations

You have a beak for a mouth.
You have claws for feet.
You are agile. (Dex +2)
Your flesh is cold resistant. (rC+)
You are resistant to electric shocks. (rElec)


Message History

Natasha claws you. Natasha claws you!
* * * LOW HITPOINT WARNING * * *
Sorry, you're not good enough to have a special ability.
Okay, then.
Okay, then.
You aren't carrying any items that you can evoke.
Casting: Shock (safe; 3% risk of failure)
Confirm with . or Enter, or press ? or * to list all spells.
Aiming: Shock (safe; 3% risk of failure)
Press: ? - help, Shift-Dir - straight line The zap hits Natasha.
Natasha is heavily wounded.
Natasha mumbles some strange words.
Natasha shimmers violently.
Natasha claws you.
* * * LOW HITPOINT WARNING * * *
It was a potion of mutation.
You feel extremely strange.
You feel insulated.
You feel resistant to cold.
You feel agile. Natasha claws you.
You die...

#.....)...####..#
##.......## ##.#
##.....## #.#
##...########..
##'#......#####
#.#.####.# #.#.# #.#
###.######.#.####.#
#.....h@........#.#
#.#.####..........#####.
##...##..........
##.####.######## #.# ###
#.# #.# #.# ###########
#.#


You could see Natasha.

Vanquished Creatures
  Natasha (D:2)
  Robin (D:2)
  An adder (D:2)
  A leopard gecko (D:2)
  4 giant cockroaches
  13 goblins
  4 hobgoblins
  2 jackals (D:2)
  4 kobolds
  6 bats
  2 frilled lizards
  2 rats (D:1)
41 creatures vanquished.

Notes
Turn   | Place    | Note
-------+----------+-------------------------------------------
     0 | D:1      | robbits the Tengu Air Elementalist began the quest for the
                  | Orb.
     0 | D:1      | Reached XP level 1. HP: 10/10 MP: 4/4
   236 | D:1      | Reached XP level 2. HP: 15/15 MP: 4/6
   750 | D:2      | Reached XP level 3. HP: 12/20 MP: 3/7
   961 | D:2      | Noticed Robin
   966 | D:2      | Killed Robin
   970 | D:2      | Reached skill level 1 in Fighting
   977 | D:2      | Reached XP level 4. HP: 18/25 MP: 0/8
  1056 | D:2      | Learned a level 2 spell: Swiftness
  1060 | D:2      | Learned a level 3 spell: Static Discharge
  1309 | D:2      | Reached skill level 5 in Air Magic
  1463 | D:2      | Found a glowing silver altar of Zin.
  1523 | D:2      | Noticed Natasha
  1528 | D:2      | Killed Natasha
  1691 | D:2      | Noticed Natasha
  1696 | D:2      | HP: 1/25 [Natasha (3)]
  1697 | D:2      | Gained mutation: You are resistant to electric shocks.
                  | (rElec) [potion of mutation]
  1697 | D:2      | Gained mutation: Your flesh is cold resistant. (rC+)
                  | [potion of mutation]
  1697 | D:2      | Gained mutation: You are agile. (Dex +2) [potion of
                  | mutation]
  1697 | D:2      | Slain by Natasha

Skill      XL: |  1  2  3  4 |
---------------+-------------+-----
Conjurations   | 2 3 |  3.5
Fighting       | 1 |  1.2
Air Magic      | 5 |  5.1
Dodging        | |  2.1
Stealth        | |  2.0
Spellcasting   | |  2.4

Action                   |  1- 3 |  4- 6 || total
-------------------------+-------+-------++-------
Melee: Unarmed           |     4 |       ||     4
       Kick              |     2 |       ||     2
       Peck              |     2 |       ||     2
       Short sword       |     8 |       ||     8
 Cast: Shock             |    44 |    24 ||    68
  Use: Scroll            |       |     5 ||     5
       Potion            |       |     1 ||     1
  Eat: Chunk             |       |     3 ||     3
Armor: Robe              |     4 |     1 ||     5
Dodge: Dodged            |     5 |       ||     5
